 Dungeon Crawl Stone Soup version 0.31-a0-1570-g93c622d222 (webtiles) character file.

Game seed: 5456006857187403489

149 Drazool the Digger (level 5, 0/53 HPs)
             Began as an Oni Earth Elementalist on Jan 3, 2024.
             Killed from afar by Ijyb (9 damage)
             ... with a puff of flame
             ... on level 3 of the Dungeon.
             The game lasted 00:07:14 (2669 turns).

Drazool the Digger (Oni Earth Elementalist)         Turns: 2669, Time: 00:07:14

Health: 0/53       AC:  3    Str: 12    XL:     5   Next: 31%
Magic:  2/9        EV:  9    Int: 18    God:
Gold:   136        SH:  0    Dex:  9    Spells: 3/10 levels left

rFire   . . .        c - +0 dagger (holy)
rCold   . . .        (no shield)
rNeg    . . .        a - +0 robe
rPois   .            (helmet restricted)
rElec   .            (no cloak)
rCorr   .            (gloves unavailable)
SInv    .            (boots unavailable)
Will    +....        (no amulet)
Stlth   +            (no ring)
HPRegen 0.28/turn    (no ring)
MPRegen 0.11/turn

%: no passive effects
@: brilliant, enlightened, flying
A: large, unfitting armour, horns 1, tough skin 1, double potion healing,
drunken brawling
a: no special abilities


You were on level 3 of the Dungeon.
You visited 1 branch of the dungeon, and saw 3 of its levels.

You collected 136 gold pieces.


Innate Abilities, Weirdness & Mutations

You are too large for most types of armour.
You have a pair of small horns on your head.
You have tough skin. (AC +1)
You gain doubled healing and magic from potions.
Whenever you drink a healing potion, you attack all around you.


   Skills:
 - Level 3.0 Fighting
 - Level 1.7 Dodging
 - Level 1.4 Stealth
 - Level 3.0 Spellcasting
 - Level 0.8 Conjurations
 + Level 4.5 Earth Magic


You had 3 spell levels left.
You knew the following spells:

 Your Spells              Type           Power      Damage    Failure   Level
a - Passwall              Erth           28%        N/A       8%          3
w - Stone Arrow           Conj/Erth      36%        3d9       16%         3
z - Sandblast             Erth           56%        2d13      2%          1

Your spell library contained the following spells:

 Spells                   Type           Power      Damage    Failure   Level
 Dazzling Flash           Conj/Hex       12%        N/A       38%         3
 Volatile Blastmotes      Fire/Tloc      8%         2d10      43%         3
 Brom's Barrelling Bould  Conj/Erth      18%        2d4       47%         4
 Petrify                  Alch/Erth      16%        N/A       54%         4
 Starburst                Conj/Fire      3%         6d3       100%        6
 Maxwell's Capacitive Co  Air            2%         ∞         100%        8

Inventory:

Hand Weapons
 c - a +0 dagger of holy wrath (weapon)
Missiles
 f - 6 boomerangs
Armour
 a - a +0 robe (worn)
Magical Staves
 g - a staff of conjuration {!a}
Wands
 j - a wand of roots (9)
Scrolls
 d - 2 scrolls of noise
Potions
 b - a potion of magic
 h - 3 potions of brilliance

Dungeon Overview and Level Annotations

Branches:
Dungeon (3/15)

Altars:

Annotations:
D:3 Ijyb

#§§§.......
#§###......
#§# ..... #§#
#### #S# #g#
#.# #.# ## #@#
.. #.# ## #.#
#.#########
#.........#
#########.#
###
#####.######..
#.............
#.###.######..


You could see Ijyb and an adder.


Message History

Ijyb is moderately wounded.
Ijyb hits you with a +0 dagger.
You hit Ijyb but do no damage.
Ijyb is moderately wounded.
Ijyb hits you with a +0 dagger.
You hit Ijyb but do no damage.
Ijyb is moderately wounded.
Ijyb hits you with a +0 dagger.
You hit Ijyb but do no damage.
Ijyb is moderately wounded.
An adder comes into view.
Ijyb hits you with a +0 dagger.
The adder hisses angrily.
You hit Ijyb but do no damage.
Ijyb is moderately wounded.
Ijyb hits you but does no damage.
You hit Ijyb. Your headbutt misses Ijyb.
Ijyb is moderately wounded.
Ijyb closely misses you.
As you read the scroll of fog, it dissolves into smoke.
Ijyb barely misses you.
Ijyb zaps a wand.
The puff of flame hits you!
* * * LOW HITPOINT WARNING * * *
Ijyb misses you. Ijyb attacks as she pursues you!
Ijyb hits you with a +0 dagger.
* * * LOW HITPOINT WARNING * * *
Ijyb zaps a wand.
The puff of flame hits you!
* * * LOW HITPOINT WARNING * * *
Ijyb zaps a wand.
The puff of flame hits you!
You die...

Skill      XL: |  1  2  3  4 |
---------------+-------------+-----
Earth Magic    | 3 4 |  4.5
Fighting       | 1 3 |  3.0
Spellcasting   | 3 |  3.0
Dodging        | |  1.7
Stealth        | |  1.4
Conjurations   | |  0.8

Action                     |  1- 3 |  4- 6 || total
---------------------------+-------+-------++-------
  Melee: Dagger            |     7 |     8 ||    15
         Headbutt          |     1 |     2 ||     3
   Cast: Sandblast         |    67 |    45 ||   112
    Use: Scroll            |       |     3 ||     3
         Potion            |       |     3 ||     3
 Armour: Robe              |    13 |    29 ||    42
  Dodge: Dodged            |    15 |    18 ||    33

Levels and vault maps discovered:
D:1:      eino_arrival_cavern_d, layout_rooms, serial_bayou_ford_a, st_stairs_9
D:2:      minmay_chambers_of_twos, layout_basic
D:3:      layout_loops_ring, nicolae_uskayaw_suspiria, uniq_grinder,
          uniq_natasha, uniq_ijyb

Notes
Turn   | Place    | Note
-------+----------+-------------------------------------------
     0 | D:1      | Drazool the Oni Earth Elementalist began the quest for the
                  | Orb.
     0 | D:1      | Reached XP level 1. HP: 16/16 MP: 3/3
   113 | D:1      | Reached skill level 3 in Earth Magic
   144 | D:1      | Reached XP level 2. HP: 22/24 MP: 0/5
   595 | D:1      | Reached XP level 3. HP: 31/31 MP: 4/6
   782 | D:1      | Reached skill level 4 in Earth Magic
  1220 | D:2      | Reached skill level 1 in Fighting
  1245 | D:2      | Learned a level 3 spell: Passwall
  1249 | D:2      | Learned a level 3 spell: Stone Arrow
  1635 | D:2      | Reached XP level 4. HP: 41/41 MP: 6/8
  1869 | D:2      | Reached skill level 3 in Spellcasting
  1925 | D:2      | Reached skill level 2 in Fighting
  2295 | D:3      | Noticed Ijyb
  2387 | D:3      | Reached skill level 3 in Fighting
  2499 | D:3      | Noticed Natasha
  2501 | D:3      | Killed Natasha
  2502 | D:3      | Reached XP level 5. HP: 53/53 MP: 6/9
  2651 | D:3      | HP: 3/53 [Ijyb/+0 dagger (4)]
  2669 | D:3      | Killed from afar by Ijyb

Vanquished Creatures
  Natasha (D:3)
  2 gnolls (D:3)
  3 adders
  4 dart slugs
  3 ribbon worms (D:2)
  3 endoplasms
  2 giant cockroaches (D:2)
  8 goblins
  3 hobgoblins
  7 jackals
  3 ball pythons
  10 bats
  5 frilled lizards
  6 kobolds
  8 rats
68 creatures vanquished.

Table legend: (Time is in decaauts)
 A = Elapsed time spent in this place.
 B = Non-inter-level travel time spent in this place.
 C = Inter-level travel time spent in this place.
 D = Time resting spent in this place.
 E = Time spent auto-exploring this place.
 F = Levels seen in this place.
 G = Mean time per level.
                   A        B        C        D        E       F      G
               +--------+--------+--------+--------+--------+-----+--------+
         Total |   2724 |   2625 |     99 |    325 |   1834 |   3 |  908.0 |
       Dungeon |   2724 |   2625 |     99 |    325 |   1834 |   3 |  908.0 |
               +--------+--------+--------+--------+--------+-----+--------+

Top non-repeatable levels by time:
     D:2: 1430 daAuts
     D:1: 986 daAuts
     D:3: 307 daAuts

Table legend:
 A = Non-vault XP
 B = Vault XP
 C = Vault XP percentage of total XP
 D = Non-vault monster count
 E = Vault monster count
 F = Vault count percentage of total count
                 A         B        C        D         E       F
            +---------+---------+-------+---------+---------+-------
      Total |     152 |      62 |  29.0 |      56 |      12 |  17.6
            +---------+---------+-------+---------+---------+-------
        D:1 |      51 |       5 |   8.9 |      32 |       3 |   8.6
        D:2 |      54 |      20 |  27.0 |      18 |       8 |  30.8
        D:3 |      47 |      37 |  44.0 |       6 |       1 |  14.3
            +---------+---------+-------+---------+---------+-------
